 Dungeon Crawl Stone Soup version 0.28-a0-773-g130ae17fe5 (webtiles) character file.

Game seed: 4899562697673036036

19 jasper the Caller (level 2, 0/21 HPs)
             Began as a Demonspawn Summoner on Nov 2, 2021.
             Slain by a ball python (1 damage)
             ... on level 2 of the Dungeon.
             The game lasted 00:02:13 (2094 turns).

jasper the Caller (Demonspawn Summoner)             Turns: 2094, Time: 00:02:14

Health: 0/21       AC:  2    Str:  8    XL:     2   Next: 55%
Magic:  5/5        EV:  9    Int: 16    God:
Gold:   26         SH:  0    Dex: 13    Spells: 4/5 levels left

rFire   . . .      SeeInvis .   e - +0 rapier
rCold   . . .      Faith    .   (no shield)
rNeg    . . .      Spirit   .   a - +0 robe
rPois   .          Reflect  .   (helmet restricted)
rElec   .          Harm     .   (no cloak)
rCorr   .          Rampage  .   (no gloves)
Will    .....                   (no boots)
Stlth   ++........              (no amulet)
HPRegen 0.07/turn               (no ring)
MPRegen 0.09/turn               (no ring)

@: constricted
A: antennae 1
a: no special abilities


You were on level 2 of the Dungeon.
You visited 1 branch of the dungeon, and saw 2 of its levels.

You collected 26 gold pieces.

Inventory:

Hand Weapons
 e - a +0 rapier (weapon)
 f - a +0 whip
 g - a +0 hand axe
Armour
 a - a +0 robe (worn)
Scrolls
 b - a scroll of vulnerability


   Skills:
 * Level 1.4 Fighting
 * Level 0.3 Axes
 + Level 0.7 Armour
 - Level 2.0 Dodging
 - Level 1.7 Stealth
 - Level 2.0 Spellcasting
 - Level 4.0 Summonings


You had 4 spell levels left.
You knew the following spells:

 Your Spells              Type           Power      Damage    Failure   Level
a - Summon Small Mammal   Summ           56%        N/A       4%          1

Your spell library contained the following spells:

 Spells                   Type           Power      Damage    Failure   Level
 Call Imp                 Summ           14%        N/A       6%          2
 Call Canine Familiar     Summ           14%        N/A       12%         3
 Summon Guardian Golem    Hex/Summ       8%         N/A       26%         3
 Summon Lightning Spire   Summ/Air       8%         N/A       65%         4


Dungeon Overview and Level Annotations

Branches:
Dungeon (2/15)

Altars:


Innate Abilities, Weirdness & Mutations

You have a pair of small antennae on your head.


Message History

The worm is poisoned.
The ball python hisses angrily.
You hear a shout! x2
Throw: dart (poison)
Press: ? - help, Q - select action, (/) - cycle Shift-Dir - straight line, f/p - worm
Aim: a worm (poisoned, 76% to hit)
You throw a poisoned dart.
The poisoned dart barely misses the worm.
You hit the worm.
The worm is moderately wounded.
The worm misses you.
You puncture the worm!
The worm is severely wounded.
You completely miss the worm.
The worm is severely wounded.
The worm bites you! The ball python misses you. The ball python grabs you.
The ball python constricts you.
You take 8 damage, and have 12/21 hp.
MASSIVE DAMAGE!!
You hit the worm.
The worm is severely wounded.
The ball python bites you. The ball python constricts you. The worm bites you.
You take 5 damage, and have 7/21 hp.
MASSIVE DAMAGE!!
You barely miss the worm.
The worm is severely wounded.
The worm looks more healthy.
The ball python bites you.
* * * LOW HITPOINT WARNING * * *
The ball python constricts you. The worm barely misses you.
The ball python barely misses you. The ball python constricts you.
* * * LOW HITPOINT WARNING * * *
You take 3 damage, and have 4/21 hp.
You hit the worm.
The worm is almost dead.
The ball python barely misses you. The ball python constricts you.
The worm bites you.
* * * LOW HITPOINT WARNING * * *
You take 3 damage, and have 1/21 hp.
You hit the worm.
You kill the worm!
The ball python bites you.
You die...

#.# #...#..#
####'#######.#..#
#....((.........#
#.....######.##.#
#.....# ####'##.#
#...(.# #.....#.#
#.....# #...<.#..
+.....# #.....###
#.@...# #.....#
#.S...# #.....#
#.....# #.....#
#.....# #######
#.....# #.....#
#.....# ...####
...#


You could see a ball python.

Vanquished Creatures
  A worm (D:2)
  2 ball pythons
  2 endoplasms
  A giant cockroach (D:1)
  2 hobgoblins (D:1)
  A kobold (D:1)
  A quokka (D:1)
  3 bats (D:1)
  2 frilled lizards (D:1)
  A goblin (D:1)
  A rat (D:1)
17 creatures vanquished.

Vanquished Creatures (collateral kills)
  A goblin (D:1)
  A kobold (D:1)
2 creatures vanquished.

Grand Total: 19 creatures vanquished

Notes
Turn   | Place    | Note
-------+----------+-------------------------------------------
     0 | D:1      | jasper the Demonspawn Summoner began the quest for the Orb.
     0 | D:1      | Reached XP level 1. HP: 13/13 MP: 3/3
   584 | D:1      | Reached skill level 1 in Fighting
   691 | D:1      | Gained mutation: You have a pair of small antennae on your
                  | head. [demonic ancestry]
   691 | D:1      | Reached XP level 2. HP: 19/21 MP: 5/5
  1312 | D:1      | Found a faded altar of an unknown god.
  1759 | D:2      | HP: 1/21 [worm (10)]
  2093 | D:2      | HP: 1/21 [worm (3)]
  2094 | D:2      | Slain by a ball python

Illustrated notes

Levels and vault maps discovered:
D:1:      onia_arrival_pyramid, layout_basic,
          dreamdust_ecumenical_altar_sealed_demon
D:2:      layout_basic

Skill      XL: |  1 |
---------------+----+-----
Fighting       | 1 |  1.4
Dodging        | 2 |  2.0
Axes           | |  0.3
Armour         | |  0.7
Stealth        | |  1.7
Spellcasting   | |  2.0
Summonings     | |  4.0

Action                   || total
-------------------------++-------
Melee: Unarmed           ||     7
       Rapier            ||    12
       Hand axe          ||     8
       Whip              ||     2
Throw: Boomerang         ||    56
       Dart              ||     8
 Cast: Summon Small Mamm ||     5
  Use: Scroll            ||     3
Armor: Robe              ||    16
Dodge: Dodged            ||    31

Table legend: (Time is in decaauts)
 A = Elapsed time spent in this place.
 B = Non-inter-level travel time spent in this place.
 C = Inter-level travel time spent in this place.
 D = Time resting spent in this place.
 E = Time spent auto-exploring this place.
 F = Levels seen in this place.
 G = Mean time per level.
                   A        B        C        D        E       F      G
               +--------+--------+--------+--------+--------+-----+--------+
         Total |   2123 |   2039 |     84 |    382 |   1366 |   2 | 1061.5 |
       Dungeon |   2123 |   2039 |     84 |    382 |   1366 |   2 | 1061.5 |
               +--------+--------+--------+--------+--------+-----+--------+

Top non-repeatable levels by time:
     D:1: 2010 daAuts
     D:2: 113 daAuts
